 Dungeon Crawl Stone Soup version 0.22-a0-469-gf26638a (webtiles) character file.

18265 Laiders72 the Blocker (level 12, -2/111 HPs)
             Began as a Deep Dwarf Fighter on June 11, 2018.
             Was the Champion of Makhleb.
             Slain by Rupert
             ... wielding a +2 great sword of flaming
              (11 damage)
             ... on level 12 of the Dungeon.
             The game lasted 00:38:06 (10630 turns).

Laiders72 the Blocker (Deep Dwarf Fighter)         Turns: 10630, Time: 00:38:06

Health: -2/111     AC: 17    Str: 27    XL:     12   Next: 26%
Magic:  6/6        EV: 12    Int: 11    God:    Makhleb [******]
Gold:   178        SH: 15    Dex: 13    Spells: 11/11 levels left

rFire    . . .     SeeInvis .   H - +5 flail (curse)
rCold    . . .     Gourm    .   c - +1 shield
rNeg     . . .     Faith    +   P - +0 plate armour
rPois    .         Spirit   .   n - +0 hat
rElec    .         Reflect  .   o - +0 cloak
rCorr    .         Harm     .   K - +0 pair of gloves
MR       +....                  (no boots)
Stlth    ..........             s - amulet of faith
HPRegen  0.00/turn              q - +5 ring of evasion
MPRegen  0.10/turn              e - +5 ring of strength

@: non-regenerating
A: damage resistance, heal wounds, sense surroundings 2, no regeneration
a: Heal Wounds, Minor Destruction, Lesser Servant of Makhleb, Major Destruction,
Greater Servant of Makhleb, Renounce Religion


You were on level 12 of the Dungeon.
You worshipped Makhleb.
Makhleb was exalted by your worship.
You were hungry.

You visited 2 branches of the dungeon, and saw 13 of its levels.
You also visited: Sewer and Ossuary.

You collected 563 gold pieces.
You spent 385 gold pieces at shops.

Inventory:

Hand Weapons
 w - a +0 morningstar
 H - a cursed +5 flail (weapon)
 N - a +2 flail of crushing
Missiles
 b - a throwing net
 y - 12 tomahawks (quivered)
Armour
 c - a +1 shield (worn)
 n - a +0 hat (worn)
 o - a +0 cloak (worn)
 K - a +0 pair of gloves (worn)
 P - a +0 plate armour (worn)
Jewellery
 e - a +5 ring of strength (right hand)
 m - an uncursed ring of protection from magic
 q - a +5 ring of evasion (left hand)
 s - an amulet of faith (around neck)
 D - an uncursed ring of protection from fire
 F - an uncursed ring of flight
Wands
 I - a wand of enslavement (15)
 J - a wand of iceblast (12)
 Q - a wand of digging (16)
 R - a wand of disintegration (15)
Scrolls
 g - 3 scrolls of enchant armour
 i - 10 scrolls of teleportation
 k - 3 scrolls of remove curse
 t - a scroll of fog
 u - a scroll of fear
 v - 7 scrolls of magic mapping
 A - 3 scrolls of identify
 B - 2 scrolls of random uselessness {unknown}
 E - a scroll of blinking {unknown}
 G - a scroll of noise {unknown}
 L - a scroll of enchant weapon {unknown}
 M - a scroll of amnesia
Potions
 a - 2 potions of resistance
 d - 3 potions of mutation
 h - 7 potions of haste
 j - 3 potions of agility
 l - 6 potions of flight
 p - 2 potions of brilliance
 r - 5 potions of curing
 z - 2 potions of lignification
 C - a potion of cancellation {unknown}
 O - 2 potions of invisibility
Comestibles
 f - 31 rations


   Skills:
 + Level 8.2 Fighting
 * Level 11.4 Maces & Flails
 + Level 9.9 Armour
 * Level 13.2 Shields


You had 11 spell levels left.
You didn't know any spells.
Your spell library contained the following spells:

 Spells                   Type           Power        Failure   Level  Hunger
 Bolt of Magma            Conj/Fire/Erth #.........   100%        5    ######.
 Venom Bolt               Conj/Pois      #.........   100%        5    ######.
 Iron Shot                Conj/Erth      #.........   100%        6    #######
 Orb of Destruction       Conj           #.........   100%        7    #######
 Iskenderun's Battlesphe  Conj/Chrm      #.......     100%        5    ######.
 Spellforged Servitor     Conj/Summ      #.........   100%        7    #######


Dungeon Overview and Level Annotations

Branches:
Dungeon (12/15)            Temple (1/1) D:6            Lair (0/6) D:10
    Orc (0/2) D:9

Altars:
Ashenzari
Cheibriados
Dithmenos
Elyvilon
Fedhas
Gozag
Hepliaklqana
Kikubaaqudgha
Makhleb
Nemelex Xobeh
Okawaru
Qazlal
Ru
Sif Muna
Trog
Uskayaw
Vehumet
Wu Jian
Xom
Yredelemnul
Zin
The Shining One

Shops:
D:4 (   D:7 }   D:9 *:   D:10 !

Annotations:
D:12 Rupert


Innate Abilities, Weirdness & Mutations

You are resistant to damage.
You can heal yourself by infusing magical energy.
You passively map the area around you.
You do not regenerate.


Message History

You hit Rupert.
Rupert is moderately wounded.
You block Rupert's attack.
Your plate armour prevents you from hitting Rupert.
Rupert is moderately wounded.
You block Rupert's attack.
You hit Rupert.
Rupert is moderately wounded.
Rupert hits you with a great sword of flaming!
Rupert burns you.
You hit Rupert but do no damage.
Rupert is moderately wounded.
Rupert hits you with a great sword of flaming!!
* * * LOW HITPOINT WARNING * * *
Rupert burns you.
* * * LOW HITPOINT WARNING * * *
You sock Rupert!
Rupert is heavily wounded.
Rupert hits you with a great sword of flaming!
You die...

# # #.###...#.# .* *
# #.#.##......# .. *
# #.#.##.#.#..#.. **<
# ..>........., , #
**#..#.#.#.# , , #
######..#..[..###..
#.#
.....................
.......####.######.#
##.###.........@@..#
#..........########
############


You could see Rupert (berserk).

Vanquished Creatures
  2 two-headed ogres
  A manticore (D:11)
  3 cyclopes
  An ugly thing (D:11)
  A centaur skeleton (D:11)
  A komodo dragon (D:10)
  2 trolls
  Grinder (D:6)
  A hornet (D:9)
  A shadow (D:8)
  A wyvern (D:11)
  21 yaks
  3 hogs (D:11)
  A human (D:11)
  A hungry ghost (D:11)
  A steam dragon (D:9)
  A water moccasin (D:10)
  7 orc warriors
  5 ice beasts
  6 necrophages
  A sky beast (D:7)
  2 phantoms
  8 ogres
  9 centaurs
  Blork the orc (D:6)
  7 big kobolds
  2 elf zombies (Ossuary)
  9 bullfrogs
  4 gnoll sergeants
  A wyvern zombie (D:11)
  A wyvern skeleton (D:9)
  4 scorpions
  14 wights
  3 howler monkeys (D:9)
  A bullfrog zombie (D:2)
  2 centaur zombies
  5 jellies
  5 crimson imps
  6 hounds
  5 orc priests
  4 human zombies
  11 orc wizards
  2 bullfrog skeletons
  Terence (D:2)
  6 iguanas
  9 worker ants
  A killer bee zombie (D:8)
  A big kobold zombie (Ossuary)
  An ogre zombie (D:8)
  An ogre skeleton (D:8)
  3 mummies
  3 worker ant zombies
  22 gnolls
  9 adders
  A river rat (Sewer)
  2 shadow imps
  8 oozes
  3 adder zombies
  An adder skeleton (D:6)
  5 worms
  5 dart slugs
  10 leopard geckos
  49 orcs
  5 ball pythons
  5 bats
  10 giant cockroaches
  5 goblins
  6 hobgoblins
  4 jackals
  18 kobolds
  6 quokkas
  4 frilled lizards
  3 goblin zombies (Ossuary)
  10 hobgoblin zombies
  A jackal skeleton (D:8)
  6 kobold zombies (Ossuary)
  A leopard gecko skeleton (D:9)
  A leopard gecko zombie (D:6)
  An orc skeleton (D:8)
  12 orc zombies
  8 rats
  2 rat zombies (Ossuary)
  A plant (D:2)
418 creatures vanquished.

Vanquished Creatures (collateral kills)
  The ghost of galech the Basher, a journeyman OgBe of Trog (D:10)
  A gargoyle (D:11)
  A troll (D:9)
  A vampire (D:10)
  An ogre (D:9)
  3 big kobolds
  A gnoll sergeant (D:9)
  An orc wizard (D:11)
  2 kobolds (D:10)
12 creatures vanquished.

Vanquished Creatures (others)
  4 plants (D:10)
4 creatures vanquished.

Grand Total: 434 creatures vanquished

Notes
Turn   | Place    | Note
-------+----------+-------------------------------------------
     0 | D:1      | Laiders72 the Deep Dwarf Fighter began the quest for the Orb.
     0 | D:1      | Reached XP level 1. HP: 20/20 MP: 1/1
   247 | D:1      | Reached XP level 2. HP: 20/27 MP: 2/2
  1070 | D:2      | Reached XP level 3. HP: 8/33 MP: 3/3
  1077 | D:2      | Reached skill level 4 in Shields
  1109 | D:2      | Reached XP level 4. HP: 42/42 MP: 2/2
  1238 | D:2      | Noticed Terence
  1244 | D:2      | Killed Terence
  1493 | D:2      | Found a glowing golden altar of the Shining One.
  1687 | D:2      | Reached XP level 5. HP: 31/49 MP: 3/3
  2496 | D:3      | Reached skill level 5 in Shields
  2589 | D:3      | Reached XP level 6. HP: 41/56 MP: 3/3
  2596 | D:3      | Found a deep blue altar of Sif Muna.
  2601 | D:3      | Found a shadowy altar of Dithmenos.
  2606 | D:3      | Found a shimmering altar of Xom.
  2816 | D:4      | Found Qimyissi's Antique Weapon Emporium.
  2908 | D:4      | Found a sand-covered staircase.
  2921 | Ossuary  | Entered an ossuary
  3074 | Ossuary  | Reached XP level 7. HP: 36/63 MP: 3/3
  3122 | Ossuary  | Reached skill level 6 in Shields
  3594 | D:4      | Found a snail-covered altar of Cheibriados.
  3828 | D:5      | Entered Level 5 of the Dungeon
  3831 | D:5      | Reached skill level 5 in Maces & Flails
  3953 | D:5      | Reached skill level 5 in Armour
  4346 | D:6      | Noticed Blork the orc
  4367 | D:6      | Reached XP level 8. HP: 70/73 MP: 4/4
  4381 | D:6      | Killed Blork the orc
  4381 | D:6      | Reached skill level 7 in Shields
  4468 | D:6      | Found a staircase to the Ecumenical Temple.
  4506 | Temple   | Entered the Ecumenical Temple
  4675 | Temple   | Became a worshipper of Makhleb the Destroyer
  4833 | D:6      | Found a glowing drain.
  4885 | D:6      | Noticed Grinder
  4900 | D:6      | Killed Grinder
  4907 | Sewer    | Entered a sewer
  5037 | Sewer    | Reached * piety under Makhleb
  5196 | Sewer    | Reached skill level 8 in Shields
  5450 | D:6      | Reached skill level 5 in Fighting
  5479 | D:6      | Gained mutation: You passively map the area around you. [Deep Dwarf growth]
  5479 | D:6      | Reached XP level 9. HP: 81/81 MP: 5/5
  5795 | D:7      | Reached ** piety under Makhleb
  5903 | D:7      | Reached skill level 9 in Shields
  6300 | D:7      | Found Xuseotte's Gadget Emporium.
  6611 | D:8      | Noticed a cyclops
  6612 | D:8      | Noticed a two-headed ogre
  6650 | D:8      | Killed a two-headed ogre
  6658 | D:8      | Killed a cyclops
  6658 | D:8      | Reached XP level 10. HP: 61/91 MP: 5/5
  6660 | D:8      | Reached *** piety under Makhleb
  6716 | D:8      | Reached skill level 10 in Shields
  6923 | D:8      | Found a white marble altar of Elyvilon.
  7313 | D:8      | Found a basalt altar of Yredelemnul.
  7391 | D:8      | Reached **** piety under Makhleb
  7549 | D:9      | Found Cemyanism's Assorted Antiques.
  7679 | D:9      | Reached skill level 11 in Shields
  7718 | D:9      | Reached skill level 10 in Maces & Flails
  7733 | D:9      | Paralysed by a hornet for 2 turns
  7740 | D:9      | Reached XP level 11. HP: 77/98 MP: 6/6
  7775 | D:9      | Reached ***** piety under Makhleb
  7841 | D:9      | Found Mihuump's Book Boutique.
  7887 | D:9      | Noticed a two-headed ogre
  7908 | D:9      | Killed a two-headed ogre
  8085 | D:9      | Found a staircase to the Orcish Mines.
  8251 | D:10     | Entered Level 10 of the Dungeon
  8373 | D:10     | Reached skill level 12 in Shields
  8418 | D:10     | Found Puptuo Sahi's Distillery.
  8432 | D:10     | Bought a potion of ambrosia for 88 gold pieces
  8432 | D:10     | Bought a potion of resistance for 110 gold pieces
  8432 | D:10     | Bought 2 potions of invisibility for 176 gold pieces
  8432 | D:10     | Bought a potion of degeneration for 11 gold pieces
  8529 | D:10     | Noticed galech's ghost (journeyman OgBe)
  8566 | D:10     | Killed galech's ghost
  8860 | D:10     | Found a staircase to the Lair.
  9608 | D:11     | Reached ****** piety under Makhleb
  9764 | D:11     | Noticed a brown ugly thing
  9783 | D:11     | Killed a brown ugly thing
  9783 | D:11     | Reached XP level 12. HP: 68/110 MP: 6/6
  9922 | D:11     | Reached skill level 13 in Shields
 10602 | D:12     | Noticed Rupert
 10630 | D:12     | Slain by Rupert

Vault maps used:
D:1:      wheals_arrival_linesprint
D:2:      wad_woods_settlement, lemuel_crystal_altar, uniq_terence
D:3:      grunt_temple_overflow_diamond
D:4:      kennysheep_slug_shrine, nicolae_ossuary_entry_giza, serial_shops,
          nicolae_shop_statue_plus
D:5:      first_ration
D:6:      temple_doors_cd, portal_sewer_entry_f, uniq_blork_the_orc,
          uniq_grinder
D:7:      serial_shops, shop
D:8:      elyvilon_altar_3, lemuel_mausoleum_altar_yredelemnul, special_room
D:9:      kennysheep_orc_monster_closet_entryway, serial_shops, shop,
          nicolae_shop_trees
D:10:     david_lair_shrubbed, serial_shops, shop
D:11:     grunt_livestock
D:12:     basic_altar, jmf_multi_god_temple2, uniq_rupert
Temple:   regret_index_temple_generic_petals
Sewer:    sewer_co_15_rooms
Ossuary:  ossuary_tomb_1

Skill      XL: |  1  2  3  4  5  6  7  8  9 10 11 12 |
---------------+-------------------------------------+-----
Fighting       | 3 4 5 6 8 |  8.2
Shields        | 4 5 6 8 9 11 12 13 | 13.2
Maces & Flails | 3 4 5 7 8 10 11 | 11.4
Armour         | 4 5 6 7 8 9 |  9.9

Action                   |  1- 3 |  4- 6 |  7- 9 | 10-12 || total
-------------------------+-------+-------+-------+-------++-------
Melee: Flail             |   114 |       |   201 |  1010 ||  1325
       Quarterstaff      |     4 |   168 |       |       ||   172
       Whip              |       |    74 |   314 |       ||   388
Invok: Lesser Servant of |       |       |       |     7 ||     7
 Abil: Heal Wounds       |     3 |     5 |    11 |     7 ||    26
  Use: Potion            |       |     1 |     1 |     6 ||     8
       Scroll            |       |       |    14 |     2 ||    16
 Stab: Distracted        |       |       |       |     2 ||     2
  Eat: Chunk             |     1 |     6 |    10 |    15 ||    32
       Ration            |       |       |     1 |       ||     1
Armor: Scale mail        |    56 |       |       |       ||    56
       Chain mail        |       |   179 |   206 |    34 ||   419
       Plate armour      |       |       |       |   406 ||   406
Dodge: Dodged            |    35 |   107 |   104 |   169 ||   415
Block: Shield            |    69 |       |   268 |   702 ||  1039

Table legend:
 A = Spawn XP
 B = Non-spawn XP
 C = Spawn XP percentage of total XP
 D = Spawn monster count
 E = Non-spawn monster count
 F = Spawn count percentage of total count
 G = Total turns spent on level
                    A         B        C        D         E        F      G
               +---------+---------+-------+---------+---------+-------+---------
         Total |       0 |   26093 |   0.0 |       0 |     429 |   0.0 | 10630
               +---------+---------+-------+---------+---------+-------+---------
           D:1 |       0 |      31 |   0.0 |       0 |      17 |   0.0 |   944
           D:2 |       0 |     186 |   0.0 |       0 |      24 |   0.0 |  1173
           D:3 |       0 |     176 |   0.0 |       0 |      35 |   0.0 |   653
           D:4 |       0 |     198 |   0.0 |       0 |      16 |   0.0 |   798
           D:5 |       0 |     280 |   0.0 |       0 |       7 |   0.0 |   518
           D:6 |       0 |    1758 |   0.0 |       0 |      47 |   0.0 |   758
           D:7 |       0 |    1081 |   0.0 |       0 |      23 |   0.0 |   684
           D:8 |       0 |    3456 |   0.0 |       0 |      52 |   0.0 |  1039
           D:9 |       0 |    6942 |   0.0 |       0 |      65 |   0.0 |   758
          D:10 |       0 |    3903 |   0.0 |       0 |      23 |   0.0 |   913
          D:11 |       0 |    6787 |   0.0 |       0 |      60 |   0.0 |  1265
          D:12 |       0 |     609 |   0.0 |       0 |       2 |   0.0 |   201
         Sewer |       0 |     296 |   0.0 |       0 |      19 |   0.0 |   468
       Ossuary |       0 |     390 |   0.0 |       0 |      39 |   0.0 |   260
               +---------+---------+-------+---------+---------+-------+---------
